 Dungeon Crawl Stone Soup version 0.31-a0-7-g51783674b7 (webtiles) character file.

Game seed: 3497042843376879590

411772 Pooter the Executioner (level 22, 0/196 (213) HPs)
             Began as a Minotaur Berserker on May 3, 2023.
             Was a High Priest of Trog.
             Slain by a caustic shrike simulacrum (7 damage)
             ... summoned by a mummy priest
             ... on level 1 of the Tomb of the Ancients on May 5, 2023.
             The game lasted 05:46:30 (81014 turns).

Pooter the Executioner (Minotaur Berserker)        Turns: 81014, Time: 05:46:30

HP:   0/196 (213)   AC: 32    Str: 30    XL:     22   Next: 48%
MP:   30/30         EV: 17    Int: 15    God:    Trog [*****.]
Gold: 2431          SH:  0    Dex: 20    Spells: 21/21 levels left

rFire   . . .        b - +10 longbow of Aczawuho {flame, rElec rF- Str+3 Int+3}
rCold   + + +        (shield currently unavailable)
rNeg    + . .        y - +10 storm dragon scales "Lomoics" {+Blink +Inv rElec}
rPois   +            (helmet restricted)
rElec   +            Y - +0 cloak {Stlth+}
rCorr   +            n - +0 pair of gloves "Cofal" {rN+ Slay+2}
SInv    +            T - +1 pair of boots "Zenuanone" {Rampage rF+ rC+++ Dex-3}
Will    +++..        L - amulet of Coeburio {Contam rPois Regen+ MP+9 Dex+8}
Stlth   +++          S - +4 ring of slaying
HPRegen 2.32/turn    C - ring of the Firefly {rCorr Str+3 Int+6 Slay+2}
MPRegen 0.22/turn

%: rampage
@: strong-willed, regenerating, drained
A: horns 2, retaliatory headbutt, see invisible, mutation resistance 1, weak 1,
wild magic 1
}: 2/15 runes: decaying, gossamer
a: Renounce Religion, Evoke Blink, Evoke Invisibility, Berserk, Trog's Hand,
Brothers in Arms


You were on level 1 of the Tomb of the Ancients.
You worshipped Trog.
Trog was extremely pleased with you.
You visited 9 branches of the dungeon, and saw 41 of its levels.
You visited the Abyss 1 time.
You also visited: Trove, Sewer, Ossuary, Bailey, Volcano and Desolation.

You collected 6248 gold pieces.
You spent 3817 gold pieces at shops.

Inventory:

Hand Weapons
 a - a +6 heavy executioner's axe
   (You acquired it on level 1 of the Swamp)
 b - the +10 longbow of Aczawuho (weapon) {flame, rElec rF- Str+3 Int+3}
   (You acquired it in a bailey)

   Str:       It affects your strength (+3).
   Int:       It affects your intelligence (+3).
   rF:        It makes you vulnerable to fire.
   rElec:     It insulates you from electricity.
 G - a +5 battleaxe of flaming
   (Trog gifted it to you on level 4 of the Swamp)
Missiles
 u - 3 silver javelins
 v - 16 javelins
 z - 8 curare-tipped darts
 O - 2 datura-tipped darts
 P - 18 boomerangs
Armour
 f - a scarf of resistance
   (You found it on level 3 of the Crypt)
 n - the +0 pair of gloves "Cofal" (worn) {rN+ Slay+2}
   (You acquired it on level 2 of the Elven Halls)

   Slay:      It affects your accuracy & damage with ranged weapons and melee
   (+2).
   rN:        It protects you from negative energy.
 y - the +10 storm dragon scales "Lomoics" (worn) {+Blink +Inv rElec}
   (You found it in the Desolation of Salt)

   rElec:     It insulates you from electricity.
   +Inv:      It lets you turn invisible.
   +Blink:    It lets you blink.
 I - a +2 pair of boots of flying
   (You acquired it on level 10 of the Dungeon)
 K - a +8 plate armour of fire resistance
   (You found it in a volcano)
 T - the +1 pair of boots "Zenuanone" (worn) {Rampage rF+ rC+++ Dex-3}
   (You bought it in a shop on level 2 of the Vaults)

   Dex:       It affects your dexterity (-3).
   rF:        It protects you from fire.
   rC:        It renders you almost immune to cold.
   Rampage:   It bestows one free step when moving towards enemies.
 Y - a +0 cloak of stealth (worn)
   (You bought it in a shop on level 2 of the Vaults)
Jewellery
 p - the ring of Zeisudd {rElec rN+ Will+ Int+2 Dex+6}
   (You found it in the Desolation of Salt)

   [ring of dexterity]

   Int:       It affects your intelligence (+2).
   Dex:       It affects your dexterity (+6).
   rElec:     It insulates you from electricity.
   rN:        It protects you from negative energy.
   Will:      It increases your willpower.
 C - the ring of the Firefly (right hand) {rCorr Str+3 Int+6 Slay+2}
   (You found it on level 3 of the Crypt)

   [ring of intelligence]

   Str:       It affects your strength (+3).
   Int:       It affects your intelligence (+6).
   Slay:      It affects your accuracy & damage with ranged weapons and melee
   (+2).
   rCorr:     It protects you from acid and corrosion.
 F - a +6 ring of strength
   (You bought it in a shop on level 2 of the Orcish Mines)
 L - the amulet of Coeburio (around neck) {Contam rPois Regen+ MP+9 Dex+8}
   (You found it in a treasure trove)

   [amulet of regeneration]

   Dex:       It affects your dexterity (+8).
   rPois:     It protects you from poison.
   MP:        It affects your magic capacity (+9).
   Contam:    It causes magical contamination when unequipped.
   Regen:     It increases your rate of health regeneration.
 S - a +4 ring of slaying (left hand)
   (You bought it in a shop on level 2 of the Orcish Mines)
Wands
 w - a wand of quicksilver (15)
   (You found it on level 3 of the Elven Halls)
 D - a wand of digging (14)
   (You found it on level 14 of the Dungeon)
 E - a wand of mindburst (35)
   (You took it off Maggie on level 6 of the Dungeon)
 N - a wand of roots (61)
   (You took it off Natasha on level 4 of the Dungeon)
 R - a wand of polymorph (14)
   (You found it on level 8 of the Dungeon)
 V - a wand of charming (44)
   (You took it off a deep elf zephyrmancer on level 3 of the Elven Halls)
Scrolls
 c - 8 scrolls of fog
 h - 3 scrolls of butterflies
 l - 3 scrolls of noise {!r}
 m - 3 scrolls of brand weapon
 t - 15 scrolls of teleportation {@r4}
 B - 17 scrolls of immolation {!r}
 J - 6 scrolls of poison {!r}
 U - 2 scrolls of silence
 X - 5 scrolls of fear
 Z - 3 scrolls of magic mapping
Potions
 d - 10 potions of ambrosia
 e - 10 potions of mutation {!q}
 g - 16 potions of curing {@q1}
 i - 8 potions of attraction {!q}
 j - 6 potions of might
 k - 11 potions of heal wounds {@q2}
 o - 3 potions of invisibility
 q - 6 potions of haste {@q3}
 r - 8 potions of flight
 s - 2 potions of cancellation
 x - 8 potions of lignification {!q}
 H - 2 potions of resistance
Miscellaneous
 M - a phantom mirror
   (You found it on level 3 of the Lair of Beasts)
 Q - a tin of tremorstones (2/2)
   (You found it on level 3 of the Swamp)
 W - a box of beasts
   (You found it on level 2 of the Vaults)


   Skills:
 + Level 21.4 Fighting
 + Level 24.8(25.0) Axes
 - Level 5.4(17.3) Polearms
 + Level 20.4 Ranged Weapons
 + Level 9.5 Throwing
 + Level 14.3 Armour
 + Level 11.9 Dodging
 + Level 12.1 Stealth
 - Level 11.9 Evocations


You had 21 spell levels left.
You didn't know any spells.
Your spell library was empty.

Dungeon Overview and Level Annotations

Branches:
Dungeon (15/15)            Temple (0/1) D:5            Lair (5/5) D:10
  Swamp (4/4) Lair:3       Spider (4/4) Lair:3        Slime (0/5) Lair:4
    Orc (2/2) D:12            Elf (3/3) Orc:2        Vaults (4/5) D:13
  Crypt (3/3) Vaults:2       Tomb (1/3) Crypt:3      Depths (0/4) D:15
  Sewer (visited)         Ossuary (visited)          Bailey (visited)
Volcano (visited)         Desolation (visited)

Altars:
Dithmenos
Gozag
Nemelex Xobeh
Okawaru
Qazlal
Ru
Trog
Vehumet
Zin
The Shining One

Shops:
D:3 ?   D:7 ?*??   D:10 =   Orc:1 (   Orc:2 =([=   Elf:2 :=:   Vaults:2 [[
Vaults:3 !(

Annotations:
D:12 4 transporters
Elf:1 2 transporters, Cuucabuana's ghost, veteran MiGl
Elf:2 3 runed translucent doors


Innate Abilities, Weirdness & Mutations

You have a pair of horns on your head.
You reflexively headbutt those who attack you in melee.
You have supernaturally acute eyesight. (SInv)
You are somewhat resistant to further mutation.
You are weak. (Str -2)
Your spells are a little harder to cast, but a little more powerful.


Message History

You partially resist.
You feel drained.
You shoot an arrow. The arrow hits the revenant!
The arrow burns the revenant.
The revenant lashes out with ghostly flames.
The ghostly flame explodes!
The ghostly fireball engulfs you!! You partially resist.
You feel drained.
You shoot an arrow. The arrow hits the revenant!!
The arrow burns the revenant.
You shoot an arrow. The arrow hits the revenant!
The arrow burns the revenant.
You shoot an arrow.
The arrow hits the revenant but does no damage.
You shoot an arrow. The arrow hits the revenant!
The arrow burns the revenant.
You destroy the revenant!
Trog accepts your kill.
Trog appreciates your killing of a magic user.
You start resting.
Unknown command.
Unknown command.
A mummy priest comes into view.
The mummy priest prays to its god.
You shoot an arrow.
The arrow barely misses the caustic shrike simulacrum.
You shoot an arrow.
The arrow barely misses the caustic shrike simulacrum.
You shoot an arrow.
The arrow completely misses the caustic shrike simulacrum.
The mummy priest calls on the powers of darkness!
Your body is wracked with pain!
You are too injured to fight recklessly!
Your skin crawls.
You feel strong-willed.
The caustic shrike simulacrum claws you but does no damage.
The mummy priest calls on the powers of darkness!
Your body is wracked with pain!
* * * LOW HITPOINT WARNING * * *
As you read the scroll of fog, it crumbles to dust.
The scroll dissolves into smoke.
The caustic shrike simulacrum claws you!!
* * * LOW HITPOINT WARNING * * *
The caustic shrike simulacrum freezes you!
You resist.
* * * LOW HITPOINT WARNING * * *
The caustic shrike simulacrum claws you!
* * * LOW HITPOINT WARNING * * *
The caustic shrike simulacrum freezes you!
You resist.
* * * LOW HITPOINT WARNING * * *
The caustic shrike simulacrum claws you!
* * * LOW HITPOINT WARNING * * *
The caustic shrike simulacrum freezes you!
You resist.
You die...

#.........#
#.......Z.#
#.....M...#
#.........#
#.....V...#
#.....§§§.#
#...§§§§..#
#...§§Z§§.#
#...§§@§§.#
#.....§§§.#
#.........#
#.........#
#.........#
#.......).#
#.........#
#.........#
#.........#


You could see a caustic shrike simulacrum (summoned).

Vanquished Creatures
  An ancient lich (Crypt:3)
  Bai Suzhen (Crypt:1)
  Arachne (Spider:3)
  A bone dragon (Crypt:3)
  A shard shrike zombie (Crypt:3)
  4 liches
  A titan (Vaults:2)
  2 deep elf blademasters (Elf:3)
  Asterion (Elf:1)
  2 deep elf master archers (Elf:3)
  Frances (Elf:1)
  A tentacled starspawn (Abyss:3)
  11 ancient champions
  6 sphinxes (Tomb:1)
  A revenant (Tomb:1)
  5 thorn hunters
  2 fenstrider witches
  6 emperor scorpions (Spider:4)
  An orc warlord (Bailey)
  4 deep elf sorcerers
  Louise (Elf:1)
  3 imperial myrmidons (Desolation)
  21 ghouls
  6 vault wardens
  A caustic shrike zombie (Crypt:2)
  A curse skull (Crypt:1)
  6 ghost moths
  6 deep elf elementalists (Elf:3)
  2 reapers (Crypt:3)
  3 caustic shrike skeletons
  A war gargoyle (Vaults:2)
  12 ironbound preservers
  4 ironbound thunderhulks
  4 very ugly things
  3 broodmothers
  7 eleionomae
  A juggernaut skeleton (Crypt:3)
  3 vampire knights
  4 deep elf demonologists (Elf:3)
  4 deep elf annihilators (Elf:3)
  A rockslime zombie (Crypt:3)
  2 dire elephants (Lair:5)
  A starcursed mass (Abyss:3)
  3 spark wasps
  3 bunyips
  10 deep elf death magi
  3 eidola
  A fire dragon (Lair:5)
  An ettin (Orc:2)
  7 jiangshi
  4 crystal guardians
  Josephine (Spider:1)
  9 ragged hierophants (Desolation)
  5 shambling mangroves
  3 deep elf high priests
  3 entropy weavers
  9 yaktaur captains
  A mummy priest (Tomb:1)
  2 spriggan zombies
  8 servants of whispers
  4 great orbs of eyes
  39 hydras
  A spriggan air mage (Swamp:3)
  10 vault guards
  An ice dragon (Lair:3)
  2 ghost crabs
  2 catoblepae
  7 peacekeepers
  2 boulder beetles
  6 jorogumos (Spider:2)
  2 ogre magi (D:15)
  5 spriggan skeletons (Crypt:3)
  11 alligators
  7 ironbound frosthearts
  3 radroaches
  7 centaur warriors
  11 two-headed ogres
  13 dancing weapons
  4 tengu warriors
  An azure jelly zombie (Crypt:3)
  4 death scarabs (Tomb:1)
  2 vampire magi
  6 thrashing horrors (Abyss:3)
  3 orc high priests
  6 deep elf knights
  A hell knight (Vaults:2)
  7 large abominations
  8 death yaks (Lair:5)
  A wretched star (Abyss:3)
  5 soul eaters
  2 skysharks
  A sun moth (Spider:4)
  2 sixfirhies (Abyss:3)
  8 titan skeletons
  3 pharaoh ants
  23 skeletal warriors
  A glowing orange brain (Vaults:4)
  6 swamp dragons
  8 orb spiders
  A shadow wraith (Crypt:2)
  4 goliath frogs
  39 deep trolls
  11 bog bodies
  An anaconda skeleton (Crypt:3)
  2 flayed ghosts
  6 spriggan druids
  A death drake (Vaults:3)
  7 wizards
  16 deep elf zephyrmancers
  6 phantasmal warriors
  3 necromancers
  12 ironbound convokers
  An orc knight (Orc:2)
  6 deep elf archers
  6 steelbarb worms
  3 orc sorcerers
  19 ugly things
  18 lindwurms
  A wolf spider zombie (Crypt:3)
  21 deep elf pyromancers
  A goliath frog zombie (Crypt:1)
  A salamander (D:15)
  19 wolf spiders
  6 cyclopes
  3 manticores
  11 will-o-the-wisps
  A water nymph (shapeshifter) (Vaults:2)
  2 worldbinders (Abyss:3)
  A moth of wrath (Spider:4)
  A shadow dragon skeleton (Crypt:1)
  Joseph (D:7)
  A guardian serpent (Desolation)
  4 black mambas
  3 molten gargoyles
  6 demonic crawlers
  16 vault sentinels
  7 cane toads
  2 unseen horrors (D:12)
  4 gargoyles
  4 torpor snails
  4 centaur skeletons (Crypt:3)
  An alligator snapping turtle skeleton (Crypt:3)
  A death yak zombie (Crypt:2)
  3 freezing wraiths (Crypt:1)
  A komodo dragon (shapeshifter) (D:14)
  2 rime drakes
  A dire elephant skeleton (Crypt:3)
  3 efreet (Volcano)
  3 komodo dragons
  Maggie (D:6)
  27 yaktaurs
  An orb spider zombie (Crypt:1)
  An anaconda simulacrum (Crypt:2)
  2 tengu conjurers
  2 ancient zymes (Abyss:3)
  6 guardian mummies
  3 kobold demonologists
  A yellow draconian skeleton (Crypt:1)
  13 tyrant leeches
  10 trolls
  6 meliai
  2 harpy zombies
  23 hornets
  2 bloated husks (Swamp:1)
  12 polar bears
  Grinder (D:5)
  45 saltlings
  21 tarantellas
  Prince Ribbit (D:6)
  3 blink frogs (Lair:1)
  A hydra skeleton (Crypt:3)
  6 raiju
  A boulder beetle zombie (Crypt:1)
  19 slime creatures
  25 jumping spiders
  An ettin skeleton (Crypt:3)
  A centaur simulacrum (D:15)
  3 shadows
  6 wyverns
  20 culicivoras
  13 spriggans
  5 water elementals
  A satyr skeleton (Crypt:3)
  4 steam dragons
  A naga simulacrum (Crypt:2)
  8 wraiths
  3 vampires
  3 basilisks
  58 yaks
  9 fire elementals
  A neqoxec (Abyss:3)
  19 humans (D:13)
  A redback (shapeshifter) (D:15)
  2 ushabtiu (Tomb:1)
  A chaos spawn (Abyss:3)
  54 redbacks
  9 wargs
  9 vampire mosquitoes
  12 swamp worms
  5 acid dragons
  5 water moccasins
  15 hell hounds (Lair:5)
  Duvessa (D:5)
  A naga skeleton (Abyss:3)
  54 orc warriors
  A sky beast (D:7)
  9 swamp drakes
  4 ice beasts
  5 small abominations (Abyss:3)
  11 ogres
  A blink frog zombie (Crypt:1)
  13 black bears
  A dream sheep skeleton (Crypt:2)
  27 wolves
  2 manticore skeletons
  A torpor snail zombie (Crypt:2)
  3 boggarts (Vaults:3)
  13 centaurs
  Blork the orc (D:6)
  2 phantoms
  11 bullfrogs
  5 kobold brigands
  6 earth elementals
  A rime drake skeleton (Crypt:2)
  7 necrophages
  3 gnoll sergeants
  6 scorpions
  18 wights
  A water moccasin zombie (Crypt:1)
  8 killer bees
  8 howler monkeys
  7 electric eels
  3 bullfrog zombies (Ossuary)
  A crimson imp (D:4)
  A quasit (Abyss:3)
  2 gnoll boudas
  10 hounds
  3 human zombies
  8 jellies
  13 orc priests
  2 human skeletons (Crypt:1)
  6 iguanas
  A scorpion zombie (Ossuary)
  A sleepcap (D:7)
  Natasha (thrice) (D:4)
  22 orc wizards
  An ogre zombie (Ossuary)
  An ogre skeleton (Crypt:1)
  4 mummies
  37 gnolls
  13 adders
  5 river rats (Sewer)
  2 shadow imps
  A steam dragon skeleton (Crypt:1)
  2 white imps
  A worm zombie (Crypt:3)
  2 adder zombies (Ossuary)
  2 worms
  2 dart slugs
  72 orcs
  4 bats
  7 endoplasms
  7 giant cockroaches
  4 gnoll zombies (Ossuary)
  20 goblins
  13 hobgoblins
  6 jackals
  2 quokkas
  17 ball pythons
  4 frilled lizards
  A goblin skeleton (Crypt:3)
  3 goblin zombies
  7 hobgoblin zombies
  A jackal zombie (Crypt:2)
  13 kobolds
  A kobold skeleton (D:4)
  A kobold zombie (D:4)
  An orc skeleton (D:4)
  4 orc zombies (Ossuary)
  A quokka skeleton (Crypt:1)
  2 quokka zombies (D:6)
  38 rats
  3 fire vortices (Volcano)
  2 lurking horrors (Abyss:3)
1873 creatures vanquished.

Vanquished Creatures (collateral kills)
  A ragged hierophant (Desolation)
  A two-headed ogre (D:15)
  A molten gargoyle (Desolation)
  A gnoll bouda (D:6)
  2 orc priests (D:5)
  A gnoll (D:6)
  An orc (D:8)
8 creatures vanquished.

Vanquished Creatures (others)
  A water elemental (Elf:1)
  An ogre (D:15)
  Dowan (D:5)
  A gnoll (D:5)
  2 orcs
  25 foxfires
  21 fungi
  44 plants
96 creatures vanquished.

Grand Total: 1977 creatures vanquished

Notes
Turn   | Place    | Note
-------+----------+-------------------------------------------
     0 | D:1      | Pooter the Minotaur Berserker began the quest for the Orb.
     0 | D:1      | Reached XP level 1. HP: 19/19 MP: 0/0
    36 | D:1      | Reached skill level 4 in Axes
   111 | D:1      | Reached XP level 2. HP: 27/27 MP: 1/1
   239 | D:1      | You fall into a shaft and drop 1 floor!
   749 | D:1      | Reached XP level 3. HP: 33/33 MP: 2/2
   954 | D:1      | Reached ** piety under Trog
  1656 | D:3      | Found a shadowy altar of Dithmenos.
  1662 | D:3      | Reached skill level 5 in Axes
  1755 | D:3      | Found Oplamoqe's Magic Scroll Shoppe.
  1806 | D:3      | Bought a scroll of noise for 11 gold pieces
  1806 | D:3      | Bought a scroll of identify for 22 gold pieces
  2125 | D:3      | Noticed a scorpion
  2127 | D:3      | Killed a scorpion
  2128 | D:3      | Reached XP level 4. HP: 41/41 MP: 3/3
  2129 | D:3      | Reached skill level 6 in Axes
  2414 | D:4      | Noticed an ogre
  2420 | D:4      | Killed an ogre
  2421 | D:4      | Reached skill level 5 in Fighting
  2421 | D:4      | Reached XP level 5. HP: 48/48 MP: 4/4
  2449 | D:4      | Reached skill level 7 in Axes
  2517 | D:4      | Found a radiant altar of Vehumet.
  2545 | D:4      | Found a glowing drain.
  2555 | D:4      | Reached XP level 6. HP: 56/56 MP: 5/5
  2561 | Sewer    | Entered a sewer
  2615 | Sewer    | Reached skill level 1 in Polearms
  2674 | Sewer    | Reached *** piety under Trog
  2868 | Sewer    | Reached XP level 7. HP: 63/63 MP: 6/6
  3074 | D:4      | Reached **** piety under Trog
  3101 | D:4      | Found a glowing silver altar of Zin.
  3193 | D:4      | Noticed Natasha
  3194 | D:4      | Found a glowing golden altar of the Shining One.
  3197 | D:4      | Killed Natasha
  3288 | D:4      | Noticed Natasha
  3296 | D:4      | Killed Natasha
  3452 | D:5      | Entered Level 5 of the Dungeon
  3464 | D:5      | Reached skill level 5 in Polearms
  3483 | D:5      | Reached skill level 8 in Axes
  3583 | D:5      | Found a staircase to the Ecumenical Temple.
  3652 | D:5      | Reached skill level 1 in Ranged Weapons
  3694 | D:5      | Found a sacrificial altar of Ru.
  3753 | D:5      | Reached XP level 8. HP: 67/71 MP: 7/7
  3870 | D:5      | Noticed Dowan
  3871 | D:5      | Noticed Duvessa
  3878 | D:5      | Noticed Grinder
  3884 | D:5      | Killed Duvessa
  3887 | D:5      | Your ally Dowan died
  3893 | D:5      | Killed Grinder
  4087 | D:5      | Found a sparkling altar of Nemelex Xobeh.
  4116 | D:5      | Reached skill level 9 in Axes
  4573 | D:5      | Found an iron altar of Okawaru.
  4840 | D:6      | Found a sand-covered staircase.
  4851 | Ossuary  | Entered an ossuary
  4959 | Ossuary  | Reached skill level 5 in Ranged Weapons
  4969 | Ossuary  | Reached XP level 9. HP: 81/81 MP: 8/8
  4991 | Ossuary  | Reached skill level 10 in Axes
  5006 | Ossuary  | Noticed a silent spectre
  5105 | D:6      | Found an opulent altar of Gozag.
  5106 | D:6      | Noticed Prince Ribbit
  5129 | D:6      | Killed Prince Ribbit
  5189 | D:6      | Identified the ring of Rakk {rN+ Will++ Int+8 Dex+3}
  5433 | D:6      | Noticed Maggie
  5441 | D:6      | Killed Maggie
  5703 | D:6      | Noticed Blork the orc
  5713 | D:6      | Killed Blork the orc
  6409 | D:7      | Reached skill level 11 in Axes
  6424 | D:7      | Found a stormy altar of Qazlal.
  6704 | D:7      | Noticed a gargoyle
  6720 | D:7      | Killed a gargoyle
  6807 | D:7      | Reached XP level 10. HP: 91/91 MP: 9/9
  7168 | D:7      | Found Otaown's Magic Scroll Shop.
  7171 | D:7      | Found Zaununye's Magic Scroll Shop.
  7172 | D:7      | Found Wen Xid's Magic Scroll Shop.
  7188 | D:7      | Reached skill level 12 in Axes
  7243 | D:7      | Found Enotushas's Assorted Antiques.
  7246 | D:7      | Bought a scroll of identify for 28 gold pieces
  7246 | D:7      | Bought a scroll of identify for 28 gold pieces
  7246 | D:7      | Bought a scroll of identify for 28 gold pieces
  7252 | D:7      | Bought a scroll labelled NESURAEDWUOKK for 18 gold pieces
  7252 | D:7      | Bought a scroll labelled HOESAL POALE for 18 gold pieces
  7255 | D:7      | Bought a scroll of identify for 28 gold pieces
  7255 | D:7      | Bought a scroll of identify for 28 gold pieces
  7255 | D:7      | Bought a scroll of identify for 28 gold pieces
  7261 | D:7      | Bought a scroll of identify for 26 gold pieces
  7261 | D:7      | Bought a scroll of identify for 26 gold pieces
  7261 | D:7      | Bought a scroll of identify for 26 gold pieces
  7269 | D:7      | Bought a scroll of enchant weapon for 105 gold pieces
  7351 | D:4      | Noticed Natasha
  7354 | D:4      | Killed Natasha
  7381 | D:3      | Bought a scroll of teleportation for 33 gold pieces
  7381 | D:3      | Bought a scroll of teleportation for 33 gold pieces
  7491 | D:7      | Noticed Joseph
  7492 | D:7      | Bought a pair of runed gloves for 135 gold pieces
  7506 | D:7      | Killed Joseph
  8460 | D:8      | Found a bloodstained altar of Trog.
  8697 | D:8      | Reached skill level 10 in Fighting
  8697 | D:8      | Reached skill level 13 in Axes
  9019 | D:9      | Reached skill level 10 in Ranged Weapons
  9033 | D:8      | Reached XP level 11. HP: 81/99 MP: 10/10
  9242 | D:9      | Paralysed by a hornet for 3 turns
  9427 | D:7      | Bought a scroll of silence for 123 gold pieces
  9427 | D:7      | Bought a scroll of brand weapon for 123 gold pieces
  9551 | D:10     | Entered Level 10 of the Dungeon
  9649 | D:10     | Reached skill level 14 in Axes
  9732 | D:10     | Noticed a tengu warrior
  9743 | D:10     | Killed a tengu warrior
  9842 | D:10     | Found a flagged portal.
  9860 | Bailey   | Entered a bailey
 11701 | Bailey   | Noticed an orc warlord
 11715 | Bailey   | Killed an orc warlord
 11861 | Bailey   | Acquired the +10 longbow of Aczawuho {flame, rElec rF-
                  | Str+3 Int+3}
 12915 | D:10     | Acquired a +1 pair of boots of flying
 13271 | D:10     | Found Olodghif's Jewellery Shoppe.
 13409 | D:10     | Noticed a six-headed hydra
 13413 | D:10     | Noticed a red ugly thing
 13427 | D:10     | Killed a red ugly thing
 13428 | D:10     | Reached skill level 15 in Axes
 13474 | D:10     | Killed a two-headed hydra
 13529 | D:10     | Noticed a four-headed hydra
 13537 | D:10     | Killed a one-headed hydra
 13538 | D:10     | Reached XP level 12. HP: 110/110 MP: 11/11
 13641 | D:10     | Found a staircase to the Lair.
 13683 | D:10     | Noticed a two-headed ogre
 13689 | D:10     | Killed a two-headed ogre
 13891 | Lair:1   | Entered Level 1 of the Lair of Beasts
 14180 | Lair:1   | Gained mutation: You have supernaturally acute eyesight.
                  | (SInv) [potion of mutation]
 14180 | Lair:1   | Gained mutation: You are somewhat resistant to further
                  | mutation. [potion of mutation]
 14180 | Lair:1   | Gained mutation: Your spells are a little harder to cast,
                  | but a little more powerful. [potion of mutation]
 14661 | Lair:2   | Reached ***** piety under Trog
 14719 | Lair:2   | Found a dark tunnel.
 14725 | Lair:2   | Reached skill level 16 in Axes
 14770 | Volcano  | Entered a volcano
 15244 | Lair:2   | Noticed a four-headed hydra
 15251 | Lair:2   | Killed a one-headed hydra
 15964 | Lair:3   | Found a staircase to the Swamp.
 15972 | Lair:3   | Reached XP level 13. HP: 96/119 MP: 12/12
 15979 | Lair:3   | Reached skill level 17 in Axes
 16238 | Lair:3   | Found a hole to the Spider Nest.
 16515 | Lair:3   | You are sucked into a shaft and drop 1 floor!
 17477 | Lair:4   | Found a staircase to the Slime Pits.
 18251 | Lair:5   | Entered Level 5 of the Lair of Beasts
 18311 | Lair:5   | Reached skill level 15 in Ranged Weapons
 18407 | Lair:5   | Reached skill level 18 in Axes
 18973 | Lair:5   | Noticed a fire dragon
 18985 | Lair:5   | Killed a fire dragon
 18986 | Lair:5   | Reached XP level 14. HP: 130/130 MP: 13/13
 19097 | Lair:5   | Reached skill level 1 in Evocations
 21141 | Lair:5   | Identified the +0 pair of boots of the Eternal Fruit {Dex+3
                  | SInv}
 21159 | Lair:5   | Reached skill level 19 in Axes
 21330 | Lair:5   | Received a gift from Trog
 22948 | D:12     | Found a staircase to the Orcish Mines.
 22974 | D:12     | Found a transporter.
 22982 | D:12     | Found a transporter.
 22998 | D:12     | Found a transporter.
 23091 | D:12     | Found a transporter.
 23492 | D:12     | Found a portal to a secret trove of treasure.
 23521 | D:12     | You paid a toll of 5 potions of resistance to enter a
                  | treasure trove
 23522 | Trove    | Entered a treasure trove
 23524 | Trove    | Identified the ring "Vusifoh" {rC+ Int-5 SInv Stlth+}
 23530 | Trove    | Identified the amulet "Niboin" {Faith rC- Str+5 Dex+6}
 23535 | Trove    | Identified the ring of Res Nullius {rC+ rN+ Str+2}
 23536 | Trove    | Identified the ring "Cusu" {Fire rN+ Will+}
 23542 | Trove    | Identified the ring of the Furies {rPois Will+ MP+9}
 23543 | Trove    | Identified the amulet of Coeburio {Contam rPois Regen+ MP+9
                  | Dex+8}
 23746 | Orc:1    | Entered Level 1 of the Orcish Mines
 24906 | Orc:2    | Entered Level 2 of the Orcish Mines
 26129 | Orc:1    | Found Bawakho's Weapon Shoppe.
 27028 | Orc:1    | Gained mutation: You are weak. (Str -2) [a neqoxec]
 27159 | Orc:2    | Found a staircase to the Elven Halls.
 27706 | Orc:2    | Received a gift from Trog
 28206 | Orc:2    | Reached skill level 15 in Fighting
 28217 | Orc:2    | Reached XP level 15. HP: 119/141 MP: 14/14
 28264 | Orc:2    | Found Sewi's Armour Shop.
 28264 | Orc:2    | Found Nitehuus's Weapon Emporium.
 28264 | Orc:2    | Found Yhywut Cigu's Jewellery Shoppe.
 28267 | Orc:2    | Found Qafer's Jewellery Boutique.
 28279 | Orc:2    | Bought a +4 ring of slaying for 858 gold pieces
 28279 | Orc:2    | Bought a +6 ring of strength for 396 gold pieces
 28757 | D:13     | Found a gate to the Vaults.
 28769 | D:13     | Reached skill level 5 in Evocations
 30279 | D:15     | Entered Level 15 of the Dungeon
 30290 | D:15     | Reached skill level 5 in Armour
 30709 | D:15     | Found a staircase to the Depths.
 30715 | D:15     | Reached skill level 1 in Throwing
 30857 | D:15     | Reached skill level 1 in Stealth
 31543 | D:15     | Received a gift from Trog
 31978 | Elf:1    | Entered Level 1 of the Elven Halls
 32187 | Elf:1    | Reached XP level 16. HP: 151/151 MP: 15/15
 32209 | Elf:1    | Noticed Cuucabuana's ghost (veteran MiGl)
 32230 | Elf:1    | Found a transporter.
 32403 | Elf:1    | Noticed Louise
 32413 | Abyss:3  | Cast into level 3 of the Abyss (Louise)
 32931 | Abyss:3  | Noticed a tentacled starspawn
 32935 | Abyss:3  | Killed a tentacled starspawn
 32936 | Abyss:3  | Reached skill level 5 in Dodging
 32973 | Abyss:3  | Found a corrupted altar of Lugonu.
 32974 | Abyss:3  | Noticed a lich
 32982 | Abyss:3  | Killed a lich
 32985 | Elf:1    | Escaped the Abyss
 32994 | Elf:1    | Killed Louise
 33220 | Elf:1    | Found a transporter.
 33324 | Elf:1    | Noticed Frances
 33334 | Elf:1    | Killed Frances
 33558 | Elf:1    | Noticed Asterion
 33572 | Elf:1    | Killed Asterion
 34210 | Elf:3    | Entered Level 3 of the Elven Halls
 34791 | Elf:2    | Found Cufiad's Book Shop.
 34792 | Elf:2    | Found Xetugu's Jewellery Emporium.
 34794 | Elf:2    | Found Ozogala's Book Shop.
 34947 | Elf:2    | Acquired the +0 pair of gloves "Cofal" {rN+ Slay+2}
 35038 | Elf:2    | Found a runed translucent gate.
 35038 | Elf:2    | Found a runed translucent gate.
 35038 | Elf:2    | Found a runed translucent gate.
 35678 | Elf:3    | Reached skill level 10 in Armour
 36030 | Elf:3    | Reached skill level 5 in Throwing
 36159 | Elf:3    | Reached XP level 17. HP: 160/160 MP: 16/16
 36306 | Elf:3    | Received a gift from Trog
 36315 | Elf:3    | Reached skill level 20 in Axes
 36321 | Elf:3    | Noticed a deep elf master archer
 36330 | Elf:3    | Killed a deep elf master archer
 38057 | Elf:3    | Noticed a deep elf blademaster
 38063 | Elf:3    | Reached skill level 5 in Stealth
 38065 | Elf:3    | Killed a deep elf blademaster
 38159 | Elf:3    | Identified the +1 dagger of Destiny {venom, *Noise rPois
                  | Int+6}
 38236 | Elf:3    | Noticed a deep elf blademaster
 38247 | Elf:3    | Identified the +0 chain mail of Reason {-Tele rElec Regen+
                  | Dex+3}
 38247 | Elf:3    | Noticed a deep elf master archer
 38398 | Elf:3    | Killed a deep elf master archer
 38439 | Elf:3    | Killed a deep elf blademaster
 38488 | Elf:3    | Identified the staff of death "Nafao" {rC+ rN+ Str+2}
 38502 | Elf:3    | Identified the staff of conjuration "Jiolel" {rCorr MP+9}
 38849 | Spider:1 | Entered Level 1 of the Spider Nest
 39216 | Spider:1 | Noticed Josephine
 39425 | Spider:1 | Killed Josephine
 40621 | Spider:1 | Identified the +6 scale mail "Beic" {*Slow rElec Regen+
                  | Stlth+}
 42868 | Spider:2 | Identified the +3 quarterstaff of the Forest {heavy, rF+}
 45642 | Spider:3 | Noticed Arachne
 45657 | Spider:3 | Killed Arachne
 45998 | Spider:3 | Reached XP level 18. HP: 170/170 MP: 17/17
 47092 | Spider:4 | Entered Level 4 of the Spider Nest
 48784 | Spider:4 | Received a gift from Trog
 54149 | Spider:4 | Got a gossamer rune of Zot
 54306 | Swamp:1  | Entered Level 1 of the Swamp
 55239 | Swamp:1  | Reached skill level 21 in Axes
 55261 | Swamp:1  | Identified the +6 scimitar "Hego Ny See" {speed, Str+3
                  | Dex+3}
 55269 | Swamp:1  | Acquired a +5 heavy executioner's axe
 56278 | Swamp:2  | Reached ****** piety under Trog
 56328 | Swamp:2  | Received a gift from Trog
 56352 | Swamp:2  | Identified the +2 pair of gloves "Urenapt" {Fly rC+++ MP-9
                  | Dex+4}
 57006 | Swamp:3  | Reached skill level 10 in Evocations
 57471 | Swamp:3  | Reached XP level 19. HP: 180/180 MP: 18/18
 58853 | Swamp:4  | Entered Level 4 of the Swamp
 59757 | Swamp:4  | Received a gift from Trog
 62249 | Swamp:4  | Reached skill level 22 in Axes
 62419 | Swamp:4  | Received a gift from Trog
 63683 | Swamp:4  | Got a decaying rune of Zot
 64329 | Vaults:1 | Entered Level 1 of the Vaults
 64580 | Vaults:1 | Found a crumbling gateway.
 64610 | Desolati | Entered the Desolation of Salt
 65318 | Desolati | Identified the +10 storm dragon scales "Lomoics" {+Blink
                  | +Inv rElec}
 65354 | Desolati | Identified the ring of Zeisudd {rElec rN+ Will+ Int+2
                  | Dex+6}
 65439 | Desolati | Received a gift from Trog
 65480 | Desolati | Reached skill level 23 in Axes
 65578 | Desolati | Reached XP level 20. HP: 191/191 MP: 19/19
 65736 | Desolati | Found the +7 captain's cutlass {speed, disarm}
 65739 | Desolati | Identified the staff of death "Pero" {rF+ rN+ Int+5}
 65763 | Desolati | Identified the +2 hand axe of Niwyal {heavy, rPois rCorr}
 65838 | Desolati | Identified the +8 plate armour of Insecurity {rN+ rCorr}
 66056 | Vaults:1 | Identified the +5 chain mail of the Other Side {Fly rPois}
 66131 | Vaults:1 | Received a gift from Trog
 66436 | Vaults:1 | Reached skill level 10 in Stealth
 66711 | Vaults:1 | Identified the +0 plate armour of Powerful Miracles {Str+2
                  | Dex+4}
 66714 | Vaults:1 | Upgraded the game from 0.31-a0-4-gefa6de2278 to
                  | 0.31-a0-7-g51783674b7
 66817 | Vaults:2 | Received a gift from Trog
 67532 | Vaults:2 | Found Mygrog's Antique Armour Emporium.
 67748 | Vaults:2 | Bought a runed cloak for 262 gold pieces
 68229 | Vaults:2 | Received a gift from Trog
 68635 | Vaults:2 | You are sucked into a shaft and drop 2 floors!
 68645 | Vaults:4 | Reached skill level 24 in Axes
 68973 | Vaults:3 | Reached XP level 21. HP: 177/202 MP: 20/20
 68982 | Vaults:3 | Reached skill level 10 in Dodging
 69343 | Vaults:3 | Found Voabeki's Weapon Shoppe.
 69385 | Vaults:3 | Found Soptuzao's Distillery.
 69393 | Vaults:3 | Bought a potion of haste for 130 gold pieces
 69393 | Vaults:3 | Bought a potion of curing for 39 gold pieces
 69393 | Vaults:3 | Bought a potion of curing for 39 gold pieces
 69393 | Vaults:3 | Bought a potion of resistance for 130 gold pieces
 69699 | Vaults:2 | Found a staircase to the Crypt.
 69713 | Vaults:2 | Found Oramajau's Armour Shop.
 69720 | Vaults:2 | Bought the +1 pair of boots "Zenuanone" {Rampage rF+ rC+++
                  | Dex-3} for 1096 gold pieces
 69798 | Vaults:2 | Received a gift from Trog
 70201 | Crypt:1  | Entered Level 1 of the Crypt
 71290 | Crypt:1  | Noticed Bai Suzhen
 71305 | Crypt:1  | Killed Bai Suzhen
 74641 | Crypt:3  | Entered Level 3 of the Crypt
 74649 | Crypt:2  | Received a gift from Trog
 75652 | Crypt:3  | Found a staircase to the Tomb.
 77643 | Crypt:3  | Reached XP level 22. HP: 163/213 MP: 21/21
 77652 | Crypt:3  | Noticed an ancient lich
 77669 | Crypt:3  | Killed an ancient lich
 77998 | Crypt:3  | Identified the +4 long sword of Atodwuet {freeze, rF++
                  | Will++ Str-3}
 78442 | Crypt:3  | Received a gift from Trog
 78932 | Crypt:3  | Identified the staff of death "Vesmes" {rC+ rN+}
 78959 | Crypt:3  | Identified the +5 ring mail "Deuvuby" {rC+ Int+3}
 78960 | Crypt:3  | Identified the ring of the Firefly {rCorr Str+3 Int+6
                  | Slay+2}
 79038 | Tomb:1   | Entered Level 1 of the Tomb of the Ancients
 80476 | Tomb:1   | Paralysed by a sphinx for 2 turns
 81014 | Tomb:1   | HP: 7/196 [caustic shrike simulacrum[a mummy priest] (15)]
 81014 | Tomb:1   | Slain by a caustic shrike simulacrum

Illustrated notes

Levels and vault maps discovered:
D:1:      dpeg_arrival_tiny_d, layout_loops_ring, serial_bayou_pond_c,
          chequers_serial_rivers_small_3, st_stairs_14
D:2:      layout_loops_ring, serial_forest, infiniplex_forest_clump_medium,
          infiniplex_forest_lined_2, infiniplex_forest_end_2,
          infiniplex_forest_lined_1, infiniplex_forest_corner_1,
          infiniplex_forest_lined_room_3, infiniplex_forest_clump_small
D:3:      layout_basic, nicolae_dithmenos_shadow_blocks, serial_shops,
          nicolae_diamond_shop
D:4:      layout_cave_pools, nicolae_vehumet_altar_sigil, zin_scriptorium,
          nicolae_tso_besieged_by_evil, portal_sewer_entry_a, minivault_23,
          uniq_natasha
D:5:      layout_layer_cave, nicolae_overflow_hidden_temple,
          kennysheep_little_box, nemelex_dance_club_becter,
          minmay_temple_entry_statues_fountains, minmay_between, uniq_grinder,
          uniq_duvessa
D:6:      layout_layer_cave, grunt_gozag_breadcrumbs, enter_ossuary_4,
          minmay_misc_feat_cross, minivault_25, uniq_maggie, uniq_blork_the_orc,
          uniq_prince_ribbit1
D:7:      minmay_polygon_palace, layout_loops_corners,
          mainiacjoe_overflow_alcove_4, minmay_shop_grid_forest,
          nrook_pool_corridor, uniq_joseph
D:8:      layout_cave_pools, lemuel_crystal_altar
D:9:      layout_cross
D:10:     minmay_chambers_of_sixes, layout_basic, erik_lair_island,
          serial_shops, nicolae_shop_pleasant_corner_grove, enter_bailey_3,
          abandoned_shop
D:11:     layout_loops_ring
D:12:     layout_irregular_city, david_orc_3, nicolae_trove_entry_path_of_doom,
          nicolae_transporter_intersection
D:13:     layout_basic, grunt_vaults_entry_tiered
D:14:     layout_loops_corners
D:15:     hangedman_depths_entry_try_elsewhere_first, layout_small_grid,
          hellmonk_bongcloud_opening
Lair:1:   layout_loops_ring, minivault_23, chequers_serial_rivers_micro_c,
          st_stairs_6
Lair:2:   layout_cellular_growth, nicolae_volcano_entry_lava_flow
Lair:3:   dragon1_lemuel, layout_regular_city, minmay_swamp_entry_wisps,
          hellmonk_spider_entry_life_and_decay
Lair:4:   layout_loops_ring, minmay_slime_entry_pillars, fungi_pond_lemuel
Lair:5:   hangedman_lair_caniforms_friends, layout_regular_city,
          guppyfry_lair_end_dragon
Swamp:1:  layout_falls_marsh, serial_swamp_ruin, evilmike_swamp_ruin_house_5,
          evilmike_swamp_ruin_house_3
Swamp:2:  layout_basic_swamp, nicolae_swamp_triple_paths
Swamp:3:  layout_falls_marsh, evilmike_swamp_ruin_rubble_1
Swamp:4:  swamp_basic_johnstein, layout_basic_swamp
Spider:1: layout_spider_delve, nicolae_spider_some_kinda_spiderbox,
          uniq_josephine
Spider:2: layout_spider_delve, nicolae_spider_world_wide_web
Spider:3: layout_spider_delve, uniq_arachne
Spider:4: spider_rune_water
Orc:1:    layout_diamond_mine, serial_shops, nicolae_shop_bloodbath_and_beyond,
          nicolae_orc_stony_grotto
Orc:2:    st_orc_rangers, layout_diamond_mine, basic_altar
Elf:1:    minmay_elf_arrival_circle, layout_geoelf_diagonals,
          gammafunk_ghost_arena, kennysheep_underground_church, uniq_asterion,
          uniq_louise, uniq_frances
Elf:2:    nicolae_elf_blades_splatter_lattice [nooodl_blade_entry_preview],
          layout_loops_ring, minmay_shop_grove, lemuel_elevator, uniq_donald
Elf:3:    grunt_elf_hall_asides, layout_geoelf_grid, grunt_megastairs_5
Vaults:1: portal_desolation_entry_salt, nicolae_vaults_heist,
          nicolae_vaults_three_branches, nicolae_vaults_trapezoid_3, v_misc_19,
          nicolae_vaults_mini_display_case, v_misc_25, v_misc_3,
          layout_vaults_omnicross
Vaults:2: nicolae_vaults_stepped_doors, nicolae_vaults_spaceships, v_misc_22,
          v_rooms_4, v_misc_24, v_alt_pattern_2, nicolae_vaults_diamond_1,
          ontoclasm_vaults_twist, nicolae_vaults_variable_pillar_hall,
          nicolae_vaults_specimen_jars, minmay_crypt_entry_simple_plaza,
          v_pattern_5, st_hourglassy, nicolae_vaults_trapezoid_2,
          nicolae_vaults_taking_the_gang_shopping, nicolae_vaults_double_plus_3,
          nicolae_vaults_tetromino_Z_1, layout_vaults_maze_snakey, serial_shops,
          shop
Vaults:3: nicolae_vaults_closet_pinwheel_5, ontoclasm_vaults_pinch,
          nicolae_vaults_windows_and_doors_thing, nicolae_vaults_tetromino_L_1,
          nicolae_vaults_surprise_closet, layout_vaults_omnigrid, serial_shops,
          nicolae_shop_tiny_glass, shop, nicolae_lakefront_shop, shop,
          nicolae_shop_tiny_waterfront
Vaults:4: v_misc_18, nicolae_vaults_more_shelving_1,
          nicolae_vaults_little_squares_4, nicolae_vaults_big_angled_halls,
          nicolae_vaults_closet_pinwheel_1,
          nicolae_vaults_shipping_containers_2, nicolae_vaults_big_angled_halls,
          v_misc_27, hangedman_vaults_trim, nicolae_vaults_little_ls,
          layout_vaults_ring
Crypt:1:  layout_misc_corridors, lemuel_upstairs_altar,
          grunt_crypt_arrival_guarded_gate, uniq_bai_suzhen
Crypt:2:  layout_rooms, serial_co_window_serial, co_window_paths_a,
          co_window_corner_a, co_window_paths_b, co_window_paths_a,
          co_window_of_opportunity_a, co_window_corner_a,
          co_window_unsneaky_path_c, co_window_corner_b, co_window_paths_c,
          co_window_corner_ca, glass_columns_a, glass_columns_a,
          nicolae_crypt_cryptocurrency
Crypt:3:  due_elkab, layout_chaotic_city
Tomb:1

Skill      XL: |  1  2  3  4  5  6  7  8  9 10 11 12 13 14 15 16 17 18 19 20 21 22 |
---------------+-------------------------------------------------------------------+-----
Axes           | 4 5 6 7 8 9 11 13 15 16 18 19 20 21 23 24 | 24.8
Fighting       | 4 5 6 7 9 10 11 12 13 15 16 17 18 19 20 21 | 21.4
Polearms       | 3 5 |  5.4
Ranged Weapons | 1 5 7 10 12 14 15 17 18 19 20 | 20.4
Evocations     | 4 6 7 8 10 11 | 11.9
Armour         | 7 10 11 12 13 14 | 14.3
Throwing       | 2 5 6 7 8 9 |  9.5
Stealth        | 2 4 6 7 9 10 11 12 | 12.1
Dodging        | 3 6 7 9 11 | 11.9

Action                     |  1- 3 |  4- 6 |  7- 9 | 10-12 | 13-15 | 16-18 | 19-21 | 22-24 || total
---------------------------+-------+-------+-------+-------+-------+-------+-------+-------++-------
  Melee: Hand axe          |    13 |       |       |       |       |       |       |       ||    13
         Headbutt          |    13 |    15 |    47 |    66 |   110 |    79 |    89 |    37 ||   456
         Quarterstaff      |    67 |    15 |       |       |       |       |       |       ||    82
         Trident           |       |   111 |    59 |       |       |       |       |       ||   170
         Short sword       |       |     4 |       |       |       |       |       |       ||     4
         War axe           |       |       |   189 |   122 |    19 |       |       |       ||   330
         Punch             |       |       |     1 |       |       |       |       |       ||     1
         Battleaxe         |       |       |       |   174 |   393 |   266 |       |       ||   833
         Broad axe         |       |       |       |       |     4 |     2 |       |       ||     6
         Executioner's axe |       |       |       |       |       |    23 |   408 |   106 ||   537
   Fire: Sling             |       |       |    32 |    41 |       |       |       |       ||    73
         Shortbow          |       |       |       |     8 |       |       |       |       ||     8
         Arbalest          |       |       |       |    66 |       |       |       |       ||    66
         Longbow           |       |       |       |   180 |   646 |   935 |   910 |   110 ||  2781
  Throw: Stone             |       |     7 |       |     1 |     1 |       |       |       ||     9
         Dart              |       |       |     1 |     1 |     1 |     1 |     1 |       ||     5
         Javelin           |       |       |       |       |     1 |       |       |       ||     1
         Boomerang         |       |       |       |       |       |     1 |       |       ||     1
 Invoke: Berserk           |     1 |     2 |     6 |    12 |     7 |     7 |     3 |       ||    38
         Trog's Hand       |       |     3 |     9 |    19 |    27 |    29 |    22 |     6 ||   115
         Brothers in Arms  |       |       |       |       |     1 |       |     1 |       ||     2
  Evoke: Wand              |       |       |    13 |     2 |    10 |    10 |    11 |     6 ||    52
         Tin of tremorston |       |       |       |       |       |       |     2 |       ||     2
         Box of beasts     |       |       |       |       |       |       |     1 |       ||     1
    Use: Scroll            |     5 |     1 |    16 |    20 |     6 |    19 |     6 |     4 ||    77
         Potion            |       |       |       |     2 |     6 |     4 |     6 |     6 ||    24
   Stab: Sleeping          |     1 |       |     2 |       |       |       |     1 |     1 ||     5
         Betrayed ally     |       |       |     1 |       |       |       |       |       ||     1
         Distracted        |       |       |     1 |       |       |       |     1 |     2 ||     4
         Confused          |       |       |       |       |       |       |     3 |       ||     3
 Armour: Animal skin       |    16 |    19 |     8 |       |       |       |       |       ||    43
         Chain mail        |       |       |    32 |       |       |       |       |       ||    32
         Swamp dragon scal |       |       |     9 |   123 |       |       |       |       ||   132
         Plate armour      |       |       |       |    16 |   322 |   320 |   111 |       ||   769
         Scale mail        |       |       |       |       |       |    58 |       |       ||    58
         Storm dragon scal |       |       |       |       |       |       |   261 |    86 ||   347
  Dodge: Dodged            |    59 |   125 |   162 |   364 |   310 |   364 |   464 |    81 ||  1929
  Block: Buckler           |       |       |       |     4 |       |       |       |       ||     4

Table legend: (Time is in decaauts)
 A = Elapsed time spent in this place.
 B = Non-inter-level travel time spent in this place.
 C = Inter-level travel time spent in this place.
 D = Time resting spent in this place.
 E = Time spent auto-exploring this place.
 F = Levels seen in this place.
 G = Mean time per level.
                   A        B        C        D        E       F      G
               +--------+--------+--------+--------+--------+-----+--------+
         Total |  81215 |  78547 |   2668 |  45130 |  22911 |  48 | 1692.0 |
       Dungeon |  16602 |  15499 |   1103 |   3275 |   9403 |  15 | 1106.8 |
          Lair |   8024 |   7658 |    366 |   2656 |   3894 |   5 | 1604.8 |
         Swamp |   9513 |   9388 |    125 |   7140 |   1511 |   4 | 2378.2 |
   Spider Nest |  14791 |  14561 |    230 |  12483 |   1134 |   4 | 3697.8 |
  Orcish Mines |   4883 |   4770 |    113 |   3419 |    894 |   2 | 2441.5 |
   Elven Halls |   5987 |   5587 |    400 |   2925 |   1703 |   3 | 1995.7 |
        Vaults |   4466 |   4359 |    107 |   1902 |   1499 |   4 | 1116.5 |
         Crypt |   8855 |   8682 |    173 |   5833 |   1914 |   3 | 2951.7 |
          Tomb |   1990 |   1943 |     47 |   1561 |      0 |   1 | 1990.0 |
         Abyss |    548 |    548 |      0 |    136 |    230 |   1 |  548.0 |
         Trove |     45 |     45 |      0 |      0 |      0 |   1 |   45.0 |
         Sewer |    385 |    385 |      0 |      4 |    181 |   1 |  385.0 |
       Ossuary |    194 |    194 |      0 |     16 |     69 |   1 |  194.0 |
        Bailey |   3103 |   3103 |      0 |   2757 |    147 |   1 | 3103.0 |
       Volcano |    461 |    461 |      0 |    283 |     36 |   1 |  461.0 |
    Desolation |   1359 |   1359 |      0 |    734 |    295 |   1 | 1359.0 |
               +--------+--------+--------+--------+--------+-----+--------+

Top non-repeatable levels by time:
Spider:4: 7019 daAuts
 Swamp:4: 5003 daAuts
 Crypt:3: 4341 daAuts
Spider:3: 4042 daAuts
   Elf:3: 3522 daAuts
  Lair:5: 3233 daAuts
  Bailey: 3103 daAuts
 Crypt:2: 2784 daAuts
   Orc:2: 2698 daAuts
Vaults:2: 2447 daAuts
Spider:2: 2205 daAuts
   Orc:1: 2184 daAuts
  Tomb:1: 1990 daAuts
 Swamp:3: 1975 daAuts
  Lair:3: 1915 daAuts
